 Dungeon Sprint DCSS version 0.19.1 (webtiles) character file.

869 dvd the Basher (level 7, -1/120 HPs)
             Began as a Troll Berserker on Dec 15, 2016.
             Was a Priest of Trog.
             Slain by a demonic crawler (3 damage)
             ... while paralysed by a floating eye
             ... in the Dungeon (Sprint I: "Red Sonja").
             The game lasted 00:02:01 (390 turns).

dvd the Basher (Troll Berserker)                     Turns: 390, Time: 00:02:02

Health: -1/120     AC:  5    Str: 31    XL:     7   Next: 73%
Magic:  6/6        EV:  1    Int:  3    God:    Trog [***...]
Gold:   417        SH:  0    Dex: 11    Spells: 0 memorised, 6 levels left

rFire  . . .     SeeInvis .     a - +0 mace
rCold  . . .     Gourm    +     b - +0 animal skin
rNeg   . . .     Faith    .     (no shield)
rPois  .         Spirit   .     (helmet restricted)
rElec  .         Reflect  .     (no cloak)
rCorr  .         Harm     .     (gloves unavailable)
MR     .....     NoTele   +     (boots unavailable)
Stlth  ..........               (no amulet)
                                (no ring)
                                (no ring)

@: paralysed, berserking (expiring)
A: unfitting armour, claws 3, fast metabolism 3, gourmand, regeneration 1,
shaggy fur 1, tough skin 2
a: Berserk, Trog's Hand, Burn Spellbooks, Renounce Religion


You were in the Dungeon.
You worshipped Trog.
Trog was most pleased with you.
You were not hungry.

You visited 1 branch You collected 417 gold pieces.

Inventory:

Hand Weapons
 a - a +0 mace (weapon)
Armour
 b - a +0 animal skin (worn)
Scrolls
 i - a scroll of blinking
Potions
 d - a potion of curing
 e - a potion of heal wounds
 f - a potion of haste
 g - 2 potions of magic
 h - a potion of berserk rage
Comestibles
 c - 2 bread rations


   Skills:
 + Level 8.2 Fighting
 + Level 10.4 Maces & Flails
 + Level 8.2 Dodging


You had 6 spell levels left.
You didn't know any spells.

Dungeon Overview and Level Annotations

Branches:
Dungeon (1/1)

Altars:
Cheibriados
Dithmenos
Elyvilon
Fedhas
Gozag
Hepliaklqana
Kikubaaqudgha
Makhleb
Nemelex Xobeh
Okawaru
Qazlal
Ru
Sif Muna
Trog
Uskayaw
Vehumet
Xom
Yredelemnul
Zin
The Shining One
Jiyva
Lugonu

Shops:
D :


Innate Abilities, Weirdness & Mutations

You are too large for most types of armour.
You have claws for hands.
Your metabolism is lightning-fast.
You like to eat raw meat.
Your natural rate of healing is unusually fast.
You are covered in fur. (AC +1)
You have very tough skin. (AC +2)


Message History

Things that are here:
a dagger; a robe; a kobold corpse You thump the kobold demonologist!
The kobold demonologist is moderately wounded.
The kobold demonologist barely misses you.
You miss the kobold demonologist.
The kobold demonologist is moderately wounded.
The floating eye gazes piercingly through you!
You suddenly lose the ability to move!
The demonic crawler hits you!
* * * LOW HITPOINT WARNING * * *
The demonic crawler hits you!
* * * LOW HITPOINT WARNING * * *
The demonic crawler hits you!
* * * LOW HITPOINT WARNING * * *
The kobold demonologist casts a spell.
The demonic crawler barely misses you. The demonic crawler hits you!
* * * LOW HITPOINT WARNING * * *
The demonic crawler hits you.
You die...

#####################
.)..#..'..#__#..@s4.#
.#..').#..'..'..#Kss#
###'#####'#__####G3§s..#
##..#...#.#### ####..+
_####..##(# ##
____##'#..+ .∩..÷'..._#
..__##_.#'# ____###+#)#


You could see 4 demonic crawlers, a sun demon, a kobold demonologist, a chaos
spawn and a floating eye.

Vanquished Creatures
  A kobold demonologist (D)
  A slime creature (D)
  Sigmund (D)
  A yak (D)
  An ogre (D)
  A jelly (D)
  Ijyb (D)
7 creatures vanquished.

Notes
Turn   | Place    | Note
-------+----------+-------------------------------------------
     0 | D        | dvd the Troll Berserker began the quest for the Orb.
     0 | D        | Reached XP level 1. HP: 22/22 MP: 0/0
     1 | D        | Noticed Ijyb
    15 | D        | Killed Ijyb
    15 | D        | Reached skill level 4 in Maces & Flails
    15 | D        | Reached XP level 2. HP: 31/31 MP: 1/1
    27 | D        | Noticed an ogre
    32 | D        | Killed an ogre
    32 | D        | Reached skill level 5 in Maces & Flails
    32 | D        | Reached XP level 3. HP: 40/41 MP: 2/2
    32 | D        | Reached XP level 4. HP: 48/49 MP: 3/3
    43 | D        | Noticed Sigmund
    55 | D        | Killed Sigmund
    55 | D        | Reached ** piety under Trog
    55 | D        | Reached skill level 7 in Maces & Flails
    55 | D        | Reached XP level 5. HP: 59/59 MP: 4/4
   111 | D        | Found a deep blue altar of Sif Muna.
   113 | D        | Found a radiant altar of Vehumet.
   117 | D        | Reached XP level 6. HP: 61/68 MP: 5/5
   136 | D        | Found Xoyrasylu's Book Emporium.
   136 | D        | Found an ancient bone altar of Kikubaaqudgha.
   136 | D        | Found a hazy altar of Hepliaklqana.
   136 | D        | Found a hide-covered altar of Uskayaw.
   136 | D        | Found a basalt altar of Yredelemnul.
   136 | D        | Found an opulent altar of Gozag.
   136 | D        | Found a snail-covered altar of Cheibriados.
   136 | D        | Found a sacrificial altar of Ru.
   136 | D        | Found a shadowy altar of Dithmenos.
   136 | D        | Noticed a yak
   137 | D        | Found a stormy altar of Qazlal.
   137 | D        | Found a blossoming altar of Fedhas.
   137 | D        | Found a bloodstained altar of Trog.
   137 | D        | Found an iron altar of Okawaru.
   137 | D        | Found a glowing golden altar of the Shining One.
   137 | D        | Found a glowing silver altar of Zin.
   137 | D        | Found a white marble altar of Elyvilon.
   148 | D        | Killed a yak
   148 | D        | Reached skill level 8 in Maces & Flails
   149 | D        | Found a sparkling altar of Nemelex Xobeh.
   242 | D        | Found a viscous altar of Jiyva.
   242 | D        | Found a corrupted altar of Lugonu.
   242 | D        | Noticed a slime creature
   243 | D        | Found a burning altar of Makhleb.
   243 | D        | Found a shimmering altar of Xom.
   258 | D        | Killed a slime creature
   258 | D        | Reached *** piety under Trog
   258 | D        | Reached skill level 9 in Maces & Flails
   258 | D        | Reached XP level 7. HP: 28/79 MP: 6/6
   356 | D        | Noticed a kobold demonologist
   358 | D        | Noticed a kobold demonologist
   365 | D        | Paralysed by a floating eye for 4 turns
   375 | D        | Paralysed by a floating eye for 4 turns
   383 | D        | Noticed a smoke demon
   386 | D        | Killed a kobold demonologist
   386 | D        | Reached skill level 10 in Maces & Flails
   387 | D        | Noticed a demonic crawler
   387 | D        | Noticed a demonic crawler
   387 | D        | Noticed a demonic crawler
   387 | D        | Noticed a demonic crawler
   388 | D        | Noticed a chaos spawn
   389 | D        | Paralysed by a floating eye for 3 turns
   390 | D        | HP: 2/120 [demonic crawler (10)]
   390 | D        | Slain by a demonic crawler

Skill      XL: |  1  2  3  4  5  6  7 |
---------------+----------------------+-----
Fighting       | 3 4 6 7 8 |  8.2
Maces & Flails | 4 5 7 9 10 | 10.4
Dodging        | 3 4 6 7 8 |  8.2

Action                   |  1- 3 |  4- 6 |  7- 9 || total
-------------------------+-------+-------+-------++-------
Melee: Mace              |    17 |    38 |    21 ||    76
Invok: Berserk           |       |     2 |     1 ||     3
       Trog's Hand       |       |       |     1 ||     1
  Eat: Chunk             |     3 |     3 |       ||     6
Armor: Animal skin       |     4 |     3 |    16 ||    23
Dodge: Dodged            |    11 |    13 |    28 ||    52
